 Dungeon Crawl Stone Soup version 0.22-a0-812-g4c1e2d5471 (webtiles) character file.

102 KristianNielsen the Covered (level 4, -1/29 HPs)
             Began as a Gargoyle Fighter on July 23, 2018.
             Slain by a jackal (2 damage)
             ... on level 4 of the Dungeon.
             The game lasted 00:03:30 (1296 turns).

KristianNielsen the Covered (Gargoyle Fighter)      Turns: 1296, Time: 00:03:30

Health: -1/29      AC: 10    Str: 21    XL:     4   Next: 78%
Magic:  4/4        EV:  7    Int:  8    God:
Gold:   79         SH:  9    Dex:  9    Spells: 3/3 levels left

rFire    . . .     SeeInvis .   a - +0 flail
rCold    . . .     Gourm    .   c - +0 shield
rNeg     + . .     Faith    .   b - +0 scale mail
rPois    ∞         Spirit   .   (no helmet)
rElec    +         Reflect  .   (no cloak)
rCorr    .         Harm     .   (no gloves)
MR       .....                  (no boots)
Stlth    ..........             (no amulet)
HPRegen  0.09/turn              (no ring)
MPRegen  0.09/turn              (no ring)

@: no status effects
A: negative energy resistance 1, electricity resistance, unbreathing,
petrification resistance, rot immunity, AC +3
a: no special abilities


You were on level 4 of the Dungeon.
You were hungry.

You visited 1 branch of the dungeon, and saw 3 of its levels.

You collected 79 gold pieces.

Inventory:

Hand Weapons
 a - a +0 flail (weapon)
Armour
 b - a +0 scale mail (worn)
 c - a +0 shield (worn)
 o - a +0 helmet
Jewellery
 i - an uncursed amulet of guardian spirit {unknown}
 j - a +5 ring of intelligence {unknown}
 n - a cursed ring of attention {unknown}
 p - an uncursed ring of magical power {unknown}
Scrolls
 e - 5 scrolls of identify {unknown}
 h - 5 scrolls of remove curse {unknown}
 k - 2 scrolls of random uselessness {unknown}
 m - a scroll of enchant armour {unknown}
 q - a scroll of immolation {unknown}
Potions
 d - a potion of might
 g - a potion of brilliance {unknown}
Comestibles
 f - 5 rations


   Skills:
 + Level 3.9 Fighting
 * Level 3.3 Maces & Flails
 + Level 4.0 Armour
 + Level 3.9 Shields


You had 3 spell levels left.
You didn't know any spells.
Your spell library was empty.

Dungeon Overview and Level Annotations

Branches:
Dungeon (2/15)

Altars:
Kikubaaqudgha


Innate Abilities, Weirdness & Mutations

You are resistant to torment.
Your stone body is resilient. (AC +3)
You are immune to poison.
You resist negative energy. (rN+)
You are resistant to electric shocks. (rElec)
You can survive without breathing.
You are immune to petrification.
You are immune to rotting.


Message History

You sock the gnoll!
You kill the gnoll!
Your Armour skill increases to level 4!
The jackal bites you but does no damage.
The gnoll barely misses you.
The jackal bites you but does no damage.
The gnoll hits you but does no damage.
The jackal bites you but does no damage.
Things that are here:
a club; a gnoll corpse The gnoll closely misses you. x2; The jackal barely misses you.
The jackal bites you but does no damage.
An iguana comes into view.
Found a ring mail.
The jackal bites you but does no damage.
You block the gnoll's attack.
The gnoll hits you from afar with a halberd!
* * * LOW HITPOINT WARNING * * *
The jackal bites you.
You die...

... .. ... ... ....
...####### .....
........†######## #.....
..g.?.......).g.##......
........##....gh........
.........#######@.......
..........## #.........
...........# #..........
.?.........# ##.........
...........# #.......[.
............# #.......l#
...........## ###......#
..........## ##..#..
.........##


You could see an iguana, 2 gnolls and a jackal.

Vanquished Creatures
  A centaur skeleton (D:4)
  A gnoll (D:4)
  3 adders (D:2)
  A dart slug (D:1)
  4 giant cockroaches (D:1)
  2 goblins
  3 hobgoblins (D:1)
  5 jackals
  2 ball pythons
  4 bats (D:1)
  9 frilled lizards
  2 kobolds (D:1)
  A leopard gecko skeleton (D:2)
  3 rats (D:1)
41 creatures vanquished.

Notes
Turn   | Place    | Note
-------+----------+-------------------------------------------
     0 | D:1      | KristianNielsen the Gargoyle Fighter began the quest for the Orb.
     0 | D:1      | Reached XP level 1. HP: 14/14 MP: 1/1
   207 | D:1      | Reached XP level 2. HP: 18/19 MP: 2/2
   624 | D:1      | Reached XP level 3. HP: 21/23 MP: 3/3
  1037 | D:2      | Found an ancient bone altar of Kikubaaqudgha.
  1145 | D:2      | Reached XP level 4. HP: 28/29 MP: 4/4
  1258 | D:2      | You fall through a shaft for 2 floors!
  1290 | D:4      | Reached skill level 4 in Armour
  1296 | D:4      | HP: 1/29 [gnoll/halberd (12)]
  1296 | D:4      | Slain by a jackal

Vault maps used:
D:1:      matt_arrival_grand_opening, serial_bayou_pond_d
D:2:      cheibrodos_helix_gallery, kiku_gazebo_pond_becter
D:4:      tgw_fedhas, minmay_bisected, uniq_robin, uniq_menkaure

Skill      XL: |  1  2  3  4 |
---------------+-------------+-----
Maces & Flails | 3 |  3.3
Armour         | 4 |  4.0
Fighting       | |  3.9
Shields        | |  3.9

Action                   |  1- 3 |  4- 6 || total
-------------------------+-------+-------++-------
Melee: Flail             |   158 |    23 ||   181
  Eat: Chunk             |     1 |       ||     1
Armor: Scale mail        |   101 |    30 ||   131
Dodge: Dodged            |    53 |    23 ||    76
Block: Shield            |    88 |    17 ||   105

Table legend:
 A = Spawn XP
 B = Non-spawn XP
 C = Spawn XP percentage of total XP
 D = Spawn monster count
 E = Non-spawn monster count
 F = Spawn count percentage of total count
 G = Total turns spent on level
                    A         B        C        D         E        F      G
               +---------+---------+-------+---------+---------+-------+---------
         Total |       0 |     147 |   0.0 |       0 |      41 |   0.0 |  1296
               +---------+---------+-------+---------+---------+-------+---------
           D:1 |       0 |      50 |   0.0 |       0 |      31 |   0.0 |  1014
           D:2 |       0 |      44 |   0.0 |       0 |       7 |   0.0 |   244
           D:4 |       0 |      53 |   0.0 |       0 |       3 |   0.0 |    38
               +---------+---------+-------+---------+---------+-------+---------
